 Dungeon Crawl Stone Soup version 0.20-a0-269-g17f5411 (webtiles) character file.

318293 AlphabetPasta the Severer (level 20, -3/165 HPs)
             Began as a Demonspawn Wanderer on Dec 7, 2016.
             Was the Champion of Okawaru.
             Blown up by Boris (32 damage)
             ... with a wavering orb of destruction
             ... on level 3 of the Vaults on Dec 8, 2016.
             The game lasted 04:10:48 (55219 turns).

AlphabetPasta the Severer (Demonspawn Wanderer)    Turns: 55219, Time: 04:10:49

Health: -3/165     AC: 39    Str: 18    XL:     20   Next: 57%
Magic:  0/38       EV: 15    Int: 18    God:    Okawaru [******]
Gold:   1607       SH:  6    Dex: 17    Spells: 19/19 levels left

rFire  + . .     SeeInvis +     a - +3 battleaxe (elec)
rCold  + + .     Gourm    .     R - +7 gold dragon scales
rNeg   + . .     Faith    .     (shield currently unavailable)
rPois  +         Spirit   +     v - +2 hat of the Bear Spirit {Spirit, +Rage rN+ MR++}
rElec  +         Reflect  .     r - +1 cloak of Starlight {rElec rC+ EV+4 Stlth--}
rCorr  .         Harm     .     m - +2 pair of gloves {Dex+3}
MR     +++..                    (boots unavailable)
Stlth  ..........               (no amulet)
                                B - ring of see invisible
                                S - ring of magical power

@: heroism, finesse
A: hooves 3, large bone plates 2, clever 1, nightstalker 3, magic shield, magic
regeneration, magic link
}: 2/15 runes: serpentine, barnacled
a: Heroism, Finesse, Renounce Religion, Evoke Berserk Rage


You were on level 3 of the Vaults.
You worshipped Okawaru.
Okawaru was exalted by your worship.
You were not hungry.

You visited 6 branches of the dungeon, and saw 34 of its levels.
You visited 1 bazaar.
You also visited: Ice Cave.

You collected 3358 gold pieces.
You spent 1751 gold pieces at shops.

Inventory:

Hand Weapons
 a - a +3 battleaxe of electrocution (weapon)
 b - the +1 arbalest "Killer Bee's Bane" {speed, rN+ Str+3}
   (You took it off an orc on level 14 of the Dungeon)

   Attacks with this weapon are significantly faster.
   It affects your strength (+3).
   It protects you from negative energy.
 d - a +3 battleaxe of freezing
 T - a +3 battleaxe of flaming
Missiles
 C - 1061 bolts
Armour
 m - a +2 pair of gloves of dexterity (worn)
 r - the +1 cloak of Starlight (worn) {rElec rC+ EV+4 Stlth--}
   (You bought it in a shop on level 2 of the Orcish Mines)

   It affects your evasion (+4).
   It protects you from cold.
   It insulates you from electricity.
   It makes you much less stealthy.
 v - the +2 hat of the Bear Spirit (worn) {Spirit, +Rage rN+ MR++}
   (You found it on level 6 of the Dungeon)

   It protects you from negative energy.
   It affects your resistance to hostile enchantments.
   It lets you go berserk.
 R - +7 gold dragon scales (worn)
Jewellery
 g - an uncursed ring of protection from magic
 l - the ring of Fegag {rPois Str+2 Int+2 Stlth+}
   (You found it on level 5 of the Lair of Beasts)

   [ring of stealth]

   It affects your strength (+2).
   It affects your intelligence (+2).
   It protects you from poison.
   It makes you more stealthy.
 q - an uncursed ring of positive energy
 B - a ring of see invisible (right hand)
 S - a ring of magical power (left hand)
Wands
 c - a wand of slowing (26/48)
 o - a wand of digging (12/24)
 p - a wand of iceblast (5/15)
 w - a wand of flame (31/48)
 y - a wand of teleportation (5/9)
 F - a wand of lightning (8/15)
 N - a wand of disintegration (9/24)
 Q - a wand of confusion (22/48)
 W - a wand of paralysis (15/24)
 Z - a wand of teleportation (2/9)
Scrolls
 h - 11 scrolls of teleportation
 j - 11 scrolls of remove curse
 z - 3 scrolls of fog
 E - 4 scrolls of recharging
 H - 4 scrolls of magic mapping
 I - 2 scrolls of blinking
 J - 6 scrolls of fear
 K - 10 scrolls of identify
 U - 4 scrolls of enchant weapon
Potions
 e - 4 potions of flight
 s - 2 potions of invisibility
 u - 6 potions of resistance
 x - 2 potions of cancellation
 A - 2 potions of might
 D - 3 potions of magic
 L - 2 potions of agility
 M - a potion of cure mutation
 V - 8 potions of curing
 Y - 2 potions of haste
Comestibles
 f - 29 bread rations
 i - 14 beef jerkies
 k - 5 chunks of flesh
 n - 7 meat rations


   Skills:
 + Level 16.3(21.3) Fighting
 + Level 17.6(23.7) Axes
   Level 11.6(20.9) Maces & Flails
 * Level 14.3(19.3) Crossbows
 * Level 15.8(20.8) Armour
 - Level 8.8(13.8) Dodging
   Level 1.7(6.7) Shields
 - Level 7.5 Invocations
 - Level 12.5 Evocations


You had 19 spell levels left.
You didn't know any spells.

Dungeon Overview and Level Annotations

Branches:
Dungeon (15/15)            Temple (0/1) D:7            Lair (6/6) D:11
 Shoals (4/4) Lair:2        Snake (4/4) Lair:4        Slime (0/5) Lair:6
    Orc (2/2) D:10            Elf (0/3) Orc:2        Vaults (3/5) D:14
 Depths (0/5) D:15
  Crypt: Vaults:2-3

Altars:
Ashenzari
Hepliaklqana
Kikubaaqudgha
Nemelex Xobeh
Okawaru
Qazlal
Ru
Sif Muna
Vehumet
Xom

Shops:
D:7 [   Orc:2 *=*(   Snake:2 !

Annotations:
D:4 AlphabetPasta's ghost, novice FoMo
Vaults:3 Boris


Innate Abilities, Weirdness & Mutations

You have hooves in place of feet.
You are mostly covered in large bone plates. (SH +6)
You are completely attuned to the shadows.
When hurt, damage is shared between your health and your magic reserves.
You regenerate magic rapidly.
When low on magic, you restore magic in place of health.
Your mind is acute. (Int +2)


Message History

Boris is almost destroyed.
The yaktaur captain shoots a bolt.
The bolt hits you!
Your gold dragon scales prevents you from hitting Boris.
Boris is almost destroyed.
You hit Boris but do no damage. You kick Boris, but do no damage.
Boris is almost destroyed.
Boris conjures an orb of pure magic.
The wavering orb of destruction weakly hits you!
* * * LOW HITPOINT WARNING * * *
You hit Boris.
Boris is almost destroyed.
The yaktaur captain shoots a bolt.
The bolt hits you!!
* * * LOW HITPOINT WARNING * * *
You feel much better. Boris hits you but does no damage.
Boris closely misses you.
You hit Boris. You kick Boris.
Boris is almost destroyed.
Boris conjures an orb of pure magic.
The wavering orb of destruction weakly hits you!
You die...

..')..#...>.
..'...'.....
..##.##.....
.##++##...'.....
..#..#....#.....
..........######
.#c.#....#
####(#######
.(CL@)..#
#####(8.# #...#
###.'. .'. #.


You could see Boris (invisible), a stone giant and a yaktaur captain.

Vanquished Creatures
  Bai Suzhen (Snake:3)
  Vashnia (Snake:3)
  Jorgrun (Shoals:2)
  A lich (Vaults:2)
  Rupert (Orc:2)
  Kirke (Snake:1)
  A tengu reaver (D:14)
  Donald (Snake:1)
  11 nagarajas
  2 frost giants
  Ilsuiw (Shoals:4)
  Aizul (Vaults:1)
  7 vault wardens
  An orc warlord (Orc:2)
  6 ironheart preservers
  2 stone giants
  Azrael (Snake:2)
  An ettin (Orc:2)
  7 merfolk javelineers
  9 merfolk impalers
  2 fire dragons (Lair:6)
  Snorg (Orc:2)
  5 ogre magi
  The ghost of thesun the Cleaver, a journeyman HOFi of Beogh (Orc:2)
  A great orb of eyes (Vaults:3)
  Erolcha (Orc:2)
  Josephine (Snake:1)
  4 yaktaur captains
  A rakshasa (Vaults:3)
  3 ice dragons
  A catoblepas (Lair:6)
  4 hydras
  16 naga warriors
  5 vault guards
  Erica (D:8)
  7 centaur warriors
  2 alligator snapping turtles
  3 merfolk avatars
  A death knight (D:12)
  4 merfolk aquamancers
  14 anacondas
  A deep troll earth mage (Vaults:2)
  3 deep troll shamans (Vaults:3)
  26 naga sharpshooters
  5 orc high priests
  11 shock serpents
  A deep elf knight (Vaults:1)
  Sonja (Lair:3)
  5 skeletal warriors
  15 sea snakes
  5 deep trolls
  A flayed ghost (Vaults:2)
  A salamander mystic (Snake:4)
  12 hill giants
  4 unseen horrors
  A glowing orange brain (Vaults:1)
  15 naga ritualists
  A swamp dragon (Lair:6)
  An obsidian statue (D:13)
  An orange crystal statue (D:13)
  17 orc knights
  3 lindwurms (Lair:6)
  2 phantasmal warriors (D:13)
  A harpy (shapeshifter) (D:14)
  10 orc sorcerers
  4 deep elf archers (Vaults:1)
  An orb spider (shapeshifter) (Vaults:3)
  35 harpies
  7 ironbrand convokers
  2 deep elf magi (Vaults:1)
  A wolf spider (Vaults:1)
  An oklob plant (Snake:4)
  28 ugly things
  22 mana vipers
  13 salamanders
  14 manticores
  12 fauns
  8 cyclopes
  13 elephants
  2 ice statues (IceCv)
  10 merfolk sirens
  2 centaur zombies (D:13)
  34 naga magi
  6 vault sentinels
  2 guardian serpents (Snake:3)
  4 torpor snails (Lair:6)
  4 water nymphs
  48 black mambas
  13 spiny frogs
  2 gargoyles
  A komodo dragon (shapeshifter) (D:14)
  10 komodo dragons
  4 freezing wraiths
  3 rime drakes
  16 yaktaurs
  A hellwing (Shoals:3)
  A tengu conjurer (D:14)
  12 trolls
  9 ice devils (IceCv)
  11 hornets
  A troll (shapeshifter) (D:14)
  2 polar bears (Vaults:3)
  A two-headed ogre (shapeshifter) (D:14)
  40 merfolk
  4 wind drakes
  9 slime creatures
  3 tyrant leeches (Lair:6)
  A blink frog (shapeshifter) (Vaults:2)
  19 blink frogs
  7 two-headed ogres
  A dream sheep (shapeshifter) (Vaults:2)
  25 dream sheep
  6 snapping turtles
  12 hippogriffs
  2 shadows (D:14)
  6 wraiths
  9 water elementals
  4 hogs (Snake:1)
  2 fire elementals (Snake:2)
  29 yaks
  A steam dragon (Lair:6)
  3 basilisks
  A soldier ant (D:12)
  A swamp worm (shapeshifter) (D:14)
  20 wargs
  6 acid dragons
  50 nagas
  19 water moccasins
  4 hell hounds (Snake:2)
  3 swamp drakes (Lair:6)
  10 porcupines
  A sky beast (D:5)
  36 orc warriors
  2 necrophages
  5 ice beasts
  4 phantoms
  A hornet zombie (D:13)
  An eye of draining (D:13)
  A tengu (shapeshifter) (Vaults:1)
  14 wolves
  3 boggarts (Vaults:2)
  14 centaurs
  24 ogres
  20 crocodiles
  21 bullfrogs
  2 big kobolds
  A glowing shapeshifter simulacrum (Vaults:1)
  A wyvern skeleton (D:7)
  10 scorpions
  A water moccasin skeleton (D:4)
  3 human simulacra
  12 killer bees
  16 wights
  A vampire bat (Lair:2)
  4 electric eels
  10 howler monkeys
  4 crimson imps
  4 bullfrog zombies
  4 centaur skeletons
  10 hounds
  25 orc priests
  5 jellies
  3 bullfrog skeletons
  4 iguanas
  28 orc wizards
  8 worker ants
  A hound skeleton (D:8)
  3 mummies (D:9)
  2 howler monkey zombies
  2 worker ant zombies (D:9)
  6 gnolls
  14 adders
  6 shadow imps
  6 white imps (IceCv)
  9 ufetubi
  2 oozes
  3 adder skeletons
  3 worms
  A dart slug (D:1)
  9 leopard geckos
  131 orcs
  3 ball pythons
  5 giant cockroaches
  10 goblins
  6 hobgoblins
  9 jackals
  6 quokkas
  14 bats
  5 frilled lizards
  A jackal skeleton (D:6)
  14 kobolds
  A leopard gecko skeleton (D:6)
  A leopard gecko zombie (D:6)
  A quokka zombie (D:7)
  6 rats
  3 fungi
  14 plants
1535 creatures vanquished.

Vanquished Creatures (others)
  A reaper (IceCv)
  A harpy (Shoals:4)
  A cyclops (D:15)
  A snapping turtle (Shoals:4)
  Sigmund (D:3)
  A human (Snake:1)
  An orc warrior (Orc:1)
  4 white imps (IceCv)
  2 ufetubi (IceCv)
  2 orcs
  11 fungi
  22 plants
  2 withered plants (D:9)
50 creatures vanquished.

Grand Total: 1585 creatures vanquished

Notes
Turn   | Place    | Note
-------+----------+-------------------------------------------
     0 | D:1      | AlphabetPasta the Demonspawn Wanderer began the quest for the Orb.
     0 | D:1      | AlphabetPasta set off with: a +2 hand axe, a potion of lignification, a potion of curing, a +0 robe, a bread ration
     0 | D:1      | Reached XP level 1. HP: 22/22 MP: 1/1
    83 | D:1      | Gained mutation: You are partially covered in large bone plates. (SH +4) [demonic ancestry]
    83 | D:1      | Reached XP level 2. HP: 20/28 MP: 2/2
    88 | D:1      | Reached skill level 2 in Axes
   449 | D:2      | Noticed Sigmund
   656 | D:2      | Reached XP level 3. HP: 30/35 MP: 3/3
   745 | D:2      | Found an iron altar of Okawaru.
   754 | D:2      | Became a worshipper of Warmaster Okawaru
  1049 | D:2      | Reached skill level 1 in Dodging
  1090 | D:2      | Reached skill level 1 in Invocations
  1225 | D:2      | Gained mutation: You are slightly more attuned to the shadows. [demonic ancestry]
  1225 | D:2      | Reached XP level 4. HP: 41/41 MP: 4/4
  1665 | D:3      | Reached skill level 1 in Armour
  1669 | D:3      | Gained mutation: You are significantly more attuned to the shadows. [demonic ancestry]
  1669 | D:3      | Reached XP level 5. HP: 14/47 MP: 4/6
  1913 | D:3      | Found an ancient bone altar of Kikubaaqudgha.
  2032 | D:3      | Killed Sigmund
  2032 | D:3      | Reached skill level 3 in Axes
  2323 | D:3      | Reached XP level 6. HP: 43/53 MP: 7/7
  3399 | D:4      | Reached skill level 4 in Axes
  3590 | D:4      | Reached * piety under Okawaru
  3590 | D:4      | Reached XP level 7. HP: 46/60 MP: 9/9
  3592 | D:4      | Noticed AlphabetPasta's ghost (novice FoMo)
  4027 | D:4      | Found a stormy altar of Qazlal.
  5087 | D:5      | Entered Level 5 of the Dungeon
  5591 | D:5      | Reached skill level 5 in Axes
  5591 | D:5      | Gained mutation: You have large cloven feet. [demonic ancestry]
  5591 | D:5      | Reached XP level 8. HP: 46/67 MP: 11/11
  5948 | D:5      | Reached ** piety under Okawaru
  5948 | D:5      | Reached skill level 5 in Invocations
  6147 | D:5      | Found a hazy altar of Hepliaklqana.
  6147 | D:5      | Found a deep blue altar of Sif Muna.
  6318 | D:6      | Reached skill level 6 in Axes
  6396 | D:6      | Found a sacrificial altar of Ru.
  6396 | D:6      | Found a shattered altar of Ashenzari.
  6802 | D:6      | Gained mutation: You have hoof-like feet. [demonic ancestry]
  6802 | D:6      | Reached XP level 9. HP: 74/74 MP: 13/13
  7090 | D:7      | Reached *** piety under Okawaru
  7254 | D:7      | Found a sparkling altar of Nemelex Xobeh.
  7325 | D:7      | Found Reriuto's Antique Armour Boutique.
  8181 | D:7      | Found a staircase to the Ecumenical Temple.
  8519 | D:8      | Reached skill level 7 in Axes
  9073 | D:8      | Noticed Erica
  9456 | D:8      | Reached **** piety under Okawaru
  9456 | D:8      | Reached skill level 5 in Armour
  9638 | D:8      | Killed Erica
  9638 | D:8      | Reached ***** piety under Okawaru
  9638 | D:8      | Reached skill level 8 in Axes
  9638 | D:8      | Reached skill level 5 in Dodging
  9638 | D:8      | Reached XP level 10. HP: 25/83 MP: 5/15
 10090 | D:9      | Reached skill level 1 in Evocations
 10303 | D:9      | HP: 4/83 [warg (10)]
 10815 | D:9      | Received a gift from Okawaru
 11159 | D:9      | Reached skill level 5 in Evocations
 11425 | D:9      | Reached skill level 9 in Axes
 11638 | D:9      | Noticed an orc knight
 11651 | D:9      | Killed an orc knight
 11809 | D:9      | Reached XP level 11. HP: 44/90 MP: 12/16
 12321 | D:9      | Received a gift from Okawaru
 12648 | D:10     | Entered Level 10 of the Dungeon
 12784 | D:10     | Noticed a hill giant
 12797 | D:10     | Killed a hill giant
 12800 | D:10     | Found a staircase to the Orcish Mines.
 12866 | D:10     | Gained mutation: Your mind is acute. (Int +2) [potion of beneficial mutation]
 12975 | D:10     | Reached skill level 10 in Fighting
 13053 | D:10     | Noticed a hill giant
 13061 | D:10     | Killed a hill giant
 13437 | D:11     | Received a gift from Okawaru
 13440 | D:11     | Got a scorched buckler {god gift}
 13478 | D:11     | Reached skill level 10 in Axes
 13610 | D:11     | Identified the +2 buckler of Zeulil {+Inv rElec rF- Str-4} (Okawaru gifted it to you on level 11 of the Dungeon)
 13748 | D:11     | Found a staircase to the Lair.
 13964 | D:11     | Noticed a hill giant
 13977 | D:11     | Killed a hill giant
 14275 | D:11     | Reached skill level 10 in Evocations
 14438 | D:12     | Noticed a skeletal warrior
 14438 | D:12     | Noticed a skeletal warrior
 14438 | D:12     | Noticed a skeletal warrior
 14468 | D:12     | Killed a skeletal warrior
 14475 | D:12     | Killed a skeletal warrior
 14500 | D:12     | Killed a skeletal warrior
 14500 | D:12     | Gained mutation: You are mostly covered in large bone plates. (SH +6) [demonic ancestry]
 14500 | D:12     | Reached XP level 12. HP: 87/98 MP: 12/19
 15495 | Lair:1   | Entered Level 1 of the Lair of Beasts
 15638 | Lair:1   | Reached skill level 11 in Axes
 15665 | Lair:1   | Identified a scroll of acquirement
 15940 | Lair:1   | Reached skill level 1 in Maces & Flails
 16525 | Lair:1   | Received a gift from Okawaru
 17213 | Lair:2   | Noticed an eight-headed hydra
 17225 | Lair:2   | Killed a one-headed hydra
 17909 | Lair:3   | Noticed Sonja
 17921 | Lair:3   | Killed Sonja
 17921 | Lair:3   | Reached XP level 13. HP: 49/106 MP: 11/22
 19384 | Lair:4   | Found a frozen archway.
 19411 | IceCv    | Entered an ice cave
 19647 | IceCv    | Killed a reaper
 20034 | IceCv    | Reached skill level 5 in Maces & Flails
 20046 | IceCv    | Reached skill level 12 in Axes
 20470 | IceCv    | Got an ancient demon blade
 20691 | Lair:4   | Received a gift from Okawaru
 20913 | Lair:4   | Found a staircase to the Snake Pit.
 21348 | Lair:5   | Received a gift from Okawaru
 21419 | Lair:5   | Got a shimmering bronze ring
 21421 | Lair:5   | Identified the ring of Fegag {rPois Str+2 Int+2 Stlth+} (You found it on level 5 of the Lair of Beasts)
 21965 | Lair:6   | Entered Level 6 of the Lair of Beasts
 22201 | Lair:2   | Found a staircase to the Shoals.
 22313 | Lair:6   | Reached XP level 14. HP: 95/114 MP: 23/23
 22322 | Lair:6   | Reached ****** piety under Okawaru
 22503 | Lair:6   | Received a gift from Okawaru
 22741 | Lair:6   | Reached skill level 13 in Axes
 22878 | Lair:6   | Found a staircase to the Slime Pits.
 23233 | Lair:6   | Got a glittering garnet amulet
 23234 | Lair:6   | Identified the amulet of Vewkoled {Harm *Drain rElec rN+ Str-3} (You found it on level 6 of the Lair of Beasts)
 23606 | Lair:6   | Found a runed door.
 23652 | Lair:6   | Paralysed by a hornet for 2 turns
 24545 | Orc:1    | Entered Level 1 of the Orcish Mines
 24791 | Orc:1    | Reached skill level 10 in Armour
 24921 | Orc:2    | Entered Level 2 of the Orcish Mines
 25041 | Orc:2    | Found a staircase to the Elven Halls.
 25065 | Orc:2    | Noticed Snorg
 25071 | Orc:2    | Noticed thesun's ghost (journeyman HOFi)
 25073 | Orc:2    | Killed Snorg
 25105 | Orc:2    | Killed thesun's ghost
 25105 | Orc:2    | Received a gift from Okawaru
 25319 | Orc:2    | Noticed Erolcha
 25321 | Orc:2    | Killed Erolcha
 25367 | Orc:1    | Noticed an orc warlord
 25494 | Orc:2    | Killed an orc warlord
 26951 | Orc:2    | Reached XP level 15. HP: 86/122 MP: 24/24
 27141 | Orc:2    | Received a gift from Okawaru
 27141 | Orc:2    | Reached skill level 1 in Crossbows
 27152 | Orc:2    | Noticed Rupert
 27539 | Orc:2    | Killed Rupert
 27539 | Orc:2    | Reached skill level 14 in Axes
 27732 | Orc:2    | Reached skill level 10 in Maces & Flails
 27793 | Orc:2    | Found Wasej's General Store.
 27793 | Orc:2    | Found Gayl's Weapon Boutique.
 27798 | Orc:2    | Found Puagg's General Store.
 27798 | Orc:2    | Found Wemiq's Jewellery Shoppe.
 27805 | Orc:2    | Bought an uncursed ring of see invisible for 150 gold pieces
 27812 | Orc:2    | Bought the +1 cloak of Starlight {rElec rC+ EV+4 Stlth--} for 712 gold pieces
 29896 | D:14     | Received a gift from Okawaru
 30152 | D:14     | Received a gift from Okawaru
 30190 | D:14     | Got an iridescent arbalest
 30191 | D:14     | Identified the +1 arbalest "Killer Bee's Bane" {speed, rN+ Str+3} (You took it off an orc on level 14 of the Dungeon)
 30538 | D:14     | Found a large runed door.
 30538 | D:14     | Found a large runed door.
 30587 | D:14     | Received a gift from Okawaru
 30698 | D:14     | Found a gate to the Vaults.
 30879 | D:14     | Noticed a tengu reaver
 30880 | D:14     | Noticed a frost giant
 30894 | D:14     | Killed a frost giant
 30904 | D:14     | Killed a tengu reaver
 30904 | D:14     | Reached skill level 5 in Crossbows
 30910 | D:14     | Found a radiant altar of Vehumet.
 30913 | D:14     | Found a sacrificial altar of Ru.
 30940 | D:15     | Entered Level 15 of the Dungeon
 31018 | D:15     | Received a gift from Okawaru
 31030 | D:15     | Found a flickering gateway to a bazaar.
 31041 | Bazaar   | Entered a bazaar
 31041 | Bazaar   | Found Ruowo's Gadget Shop.
 31041 | Bazaar   | Found Wocyrry's Magic Scroll Emporium.
 31042 | Bazaar   | Found Ziggip's General Store.
 31048 | Bazaar   | Bought a scroll of magic mapping for 52 gold pieces
 31051 | Bazaar   | Found Rygywe's Antique Armour Shoppe.
 31068 | Bazaar   | Found Xeredat's Antique Weapon Shoppe.
 31071 | Bazaar   | Bought a steaming helmet for 180 gold pieces
 31077 | Bazaar   | Bought a scroll of teleportation for 36 gold pieces
 31077 | Bazaar   | Bought a scroll of magic mapping for 42 gold pieces
 31077 | Bazaar   | Bought a scroll of teleportation for 36 gold pieces
 31077 | Bazaar   | Bought a scroll of identify for 24 gold pieces
 31077 | Bazaar   | Bought a scroll of identify for 24 gold pieces
 31088 | Bazaar   | Identified the +2 helmet of Ru's Hope {*Corrode rElec Int+4 Stlth+} (You bought it in a shop in a bazaar)
 31521 | D:15     | Identified the +7 hand crossbow "Wing" {elec, Str+2 Dex+4} (You found it on level 15 of the Dungeon)
 31664 | D:15     | Found a staircase to the Depths.
 31664 | D:15     | Noticed a frost giant
 31679 | D:15     | Killed a frost giant
 31764 | D:15     | Gained mutation: When hurt, damage is shared between your health and your magic reserves. [demonic ancestry]
 31764 | D:15     | Reached XP level 16. HP: 77/131 MP: 25/25
 32093 | Snake:1  | Entered Level 1 of the Snake Pit
 33420 | Snake:1  | Noticed Josephine
 33871 | Snake:1  | Received a gift from Okawaru
 33887 | Snake:1  | Identified a +1 pair of boots of running (Okawaru gifted it to you on level 1 of the Snake Pit)
 34083 | Snake:1  | Reached skill level 15 in Axes
 34492 | Snake:1  | Noticed Donald
 34505 | Snake:1  | Killed Donald
 34793 | Snake:1  | Noticed Kirke
 34811 | Snake:1  | Killed Kirke
 35307 | Snake:1  | Killed Josephine
 36650 | Snake:2  | Received a gift from Okawaru
 36671 | Snake:2  | Identified the +0 cloak of Daffodils {*Drain +Fly Int+4} (You found it on level 2 of the Snake Pit)
 37032 | Snake:2  | Noticed Azrael
 37044 | Snake:2  | Killed Azrael
 37403 | Snake:2  | Found Fetiugh's Distillery.
 37407 | Snake:2  | Bought a potion of cure mutation for 375 gold pieces
 37407 | Snake:2  | Bought a potion of heal wounds for 75 gold pieces
 37407 | Snake:2  | Bought a potion of curing for 45 gold pieces
 37989 | Snake:3  | Noticed Vashnia
 38035 | Snake:3  | Killed Vashnia
 38035 | Snake:3  | Gained mutation: You regenerate magic rapidly. [demonic ancestry]
 38035 | Snake:3  | Reached XP level 17. HP: 68/139 MP: 12/26
 38715 | Snake:3  | Noticed Bai Suzhen
 38735 | Snake:3  | Reached skill level 16 in Axes
 38740 | Snake:3  | Killed Bai Suzhen
 38751 | Snake:3  | Received a gift from Okawaru
 40009 | Snake:3  | Upgraded the game from 0.20-a0-267-g4a7ec2a to 0.20-a0-269-g17f5411
 40010 | Snake:4  | Entered Level 4 of the Snake Pit
 40010 | Snake:4  | Found a shimmering altar of Xom.
 41211 | Snake:4  | Received a gift from Okawaru
 41215 | Snake:4  | Got a brightly glowing cloak {god gift}
 41226 | Snake:4  | Identified the +0 cloak "Rutif" {+Inv} (Okawaru gifted it to you on level 4 of the Snake Pit)
 41241 | Snake:4  | Reached skill level 10 in Crossbows
 42183 | Snake:4  | Gained mutation: When low on magic, you restore magic in place of health. [demonic ancestry]
 42183 | Snake:4  | Reached XP level 18. HP: 112/147 MP: 27/27
 43566 | Snake:4  | Received a gift from Okawaru
 44260 | Snake:4  | Received a gift from Okawaru
 44278 | Snake:4  | Received a gift from Okawaru
 44464 | Snake:4  | Got a serpentine rune of Zot
 44658 | Shoals:1 | Entered Level 1 of the Shoals
 45356 | Shoals:1 | Reached skill level 15 in Fighting
 46497 | Shoals:2 | Noticed Jorgrun
 46527 | Shoals:2 | Killed Jorgrun
 46527 | Shoals:2 | Received a gift from Okawaru
 46891 | Shoals:3 | Gained mutation: You have hooves in place of feet. [demonic ancestry]
 46891 | Shoals:3 | Reached XP level 19. HP: 118/155 MP: 28/28
 47581 | Shoals:4 | Entered Level 4 of the Shoals
 47805 | Shoals:4 | Noticed Ilsuiw
 48060 | Shoals:4 | Received a gift from Okawaru
 48477 | Shoals:4 | Reached skill level 17 in Axes
 48519 | Shoals:4 | Killed Ilsuiw
 48581 | Shoals:4 | Received a gift from Okawaru
 49257 | Shoals:4 | Received a gift from Okawaru
 50170 | Shoals:4 | Received a gift from Okawaru
 50352 | Shoals:4 | Received a gift from Okawaru
 50593 | Shoals:4 | Got a barnacled rune of Zot
 50971 | Vaults:1 | Entered Level 1 of the Vaults
 51056 | Vaults:1 | Received a gift from Okawaru
 51309 | Vaults:1 | Received a gift from Okawaru
 51314 | Vaults:1 | Identified the +6 hand axe of Okawaru's Favour {chop, Int+4} (Okawaru gifted it to you on level 1 of the Vaults)
 51649 | Vaults:1 | Reached skill level 15 in Armour
 51942 | Vaults:1 | Received a gift from Okawaru
 52017 | Vaults:1 | Noticed Aizul
 52036 | Vaults:1 | Killed Aizul
 52542 | Vaults:2 | Gained mutation: You are completely attuned to the shadows. [demonic ancestry]
 52542 | Vaults:2 | Reached XP level 20. HP: 164/164 MP: 29/29
 53445 | Vaults:2 | Received a gift from Okawaru
 54640 | Vaults:3 | Received a gift from Okawaru
 55192 | Vaults:3 | Noticed Boris
 55217 | Vaults:3 | HP: 7/165 [yaktaur captain/bolt (18)]
 55219 | Vaults:3 | Blown up by Boris

Vault maps used:
D:1:      scummos_arrival_simple_fountains, nrook_loot_triangle
D:2:      minmay_wonky_spiral, kennysheep_okawaru_gauntlet, uniq_sigmund
D:3:      lemuel_doored_altar
D:4:      nicolae_overflow_crystal_walls
D:5:      gammafunk_temple_overflow_elements, first_bread
D:6:      gammafunk_temple_overflow_wave
D:7:      nemelex_xobeh_ov_fountains_minmay, serial_shops, shop
D:8:      kennysheep_small_circle, uniq_erica
D:9:      lemuel_castle_with_subvaults, serial_undead, serial_undead_f,
          serial_undead_a, serial_undead_a, serial_undead_e, serial_undead_e,
          grunt_ogre_cave, minmay_misc_feat_more_columns, lemuel_old_faithful
D:10:     erik_orc_4
D:11:     erik_lair_island
D:13:     minmay_separated_statues
D:14:     david_vaults_2, kennysheep_small_spiral, jmf_multi_god_temple2
D:15:     grunt_enter_depths_snipers, minivault_23, serial_shops, freezing_bzr
Lair:1:   beast_lair_carwin_10, grunt_megastairs_3
Lair:2:   minmay_shoals_entry_lonely_mermaid, roderic_batcave
Lair:3:   serial_bayou_pond_b, uniq_sonja
Lair:4:   dummy_snake_entry, portal_ice_cave_rime, st_stairs_6
Lair:5:   serial_bayou_pond_d, wad_woods_road_03, small_statue_intersection,
          lemuel_fruit_tree
Lair:6:   wormcave, guppyfry_lair_end_dragon, slime_dummy, serial_bayou_shore_b,
          lemuel_fruit_fields, infiniplex_staircase_pool, grunt_megastairs_5
Shoals:2: uniq_jorgrun
Shoals:3: nicolae_shoals_hunting_party
Shoals:4: shoals_end_simple, shoal_ilsuiw
Snake:1:  serial_bayou_pond_e, spider_trap, uniq_josephine, uniq_donald,
          uniq_kirke
Snake:2:  serial_shops, shop, st_stairs_3, uniq_azrael
Snake:3:  special_room, st_stairs_11, uniq_bai_suzhen, uniq_vashnia
Snake:4:  snake_pit, lemuel_oklob_altar
Orc:2:    grunt_orc_tribal_feast, guppyfry_orc_lava_fort, uniq_snorg,
          uniq_erolcha, uniq_rupert
Vaults:1: hangedman_vaults_corner, hangedman_vaults_stagger,
          ontoclasm_vaults_ligature, v_rooms_6, ontoclasm_vaults_hangar,
          vaults_room_hallway, vaults_room_door_ring,
          ontoclasm_vaults_loading_screen, uniq_aizul
Vaults:2: nicolae_vaults_stairing_the_circle, v_misc_27,
          ontoclasm_vaults_decontamination, vaults_mumra_lcd,
          vaults_standard_mumra_lines, ontoclasm_vaults_loading_screen,
          st_smaller_cells, grunt_vaults_hallway_short
Vaults:3: ontoclasm_vaults_bender, ontoclasm_vaults_echo, v_misc_1,
          minmay_crypt_entry_necro_gods, v_rooms_3,
          nicolae_vaults_specimen_jars, vaults_mumra_chevron,
          nicolae_vaults_triangles, hangedman_vaults_capsules,
          nicolae_vaults_little_squares_6, hangedman_vaults_nails,
          vaults_room_mumra_shop_pool, serial_ice_g,
          nicolae_vaults_bisected_exclaves, nicolae_vaults_circle_grid_b,
          serial_shops, shop, uniq_jory, uniq_boris
Bazaar:   bazaar_minmay_generic_island
IceCv:    ice_cave_small_demon

Skill      XL: |  1  2  3  4  5  6  7  8  9 10 11 12 13 14 15 16 17 18 19 20 |
---------------+-------------------------------------------------------------+-----
Axes           | 2 3 4 5 6 8 9 10 11 12 13 14 15 16 17 | 17.6
Dodging        | 1 2 3 4 5 6 7 8 |  8.8
Invocations    | 1 2 3 4 5 7 |  7.5
Armour         | 1 2 3 5 6 7 8 9 10 11 12 14 15 | 15.8
Fighting       | 7 8 9 10 11 12 13 14 15 16 | 16.3
Evocations     | 6 10 12 | 12.5
Maces & Flails | 4 7 9 11 | 11.6
Crossbows      | 5 8 10 12 13 14 | 14.3
Shields        | |  1.7

Action                   |  1- 3 |  4- 6 |  7- 9 | 10-12 | 13-15 | 16-18 | 19-21 || total
-------------------------+-------+-------+-------+-------+-------+-------+-------++-------
Melee: Hand axe          |    69 |   229 |   536 |       |       |       |       ||   834
       Spear             |     6 |       |       |       |       |       |       ||     6
       Punch             |       |       |     2 |     6 |     1 |       |       ||     9
       Kick              |       |       |   161 |   351 |   571 |    49 |   317 ||  1449
       War axe           |       |       |   137 |  1075 |   400 |       |       ||  1612
       Battleaxe         |       |       |       |       |  1141 |  1580 |   889 ||  3610
 Fire: Blowgun           |       |    12 |       |       |    17 |       |       ||    29
       Arbalest          |       |       |       |       |    14 |   494 |   315 ||   823
Throw: Javelin           |       |       |       |    40 |    13 |     7 |       ||    60
Invok: Heroism           |       |       |     3 |    16 |    19 |    15 |    11 ||    64
       Finesse           |       |       |       |     5 |     8 |     4 |     3 ||    20
 Abil: Evoke Berserk Rag |       |       |       |     1 |     1 |       |       ||     2
Evoke: Wand              |       |       |       |     1 |     2 |       |       ||     3
  Use: Scroll            |     3 |     3 |     8 |    17 |    14 |     7 |     6 ||    58
       Potion            |       |     3 |       |     4 |     1 |     3 |     6 ||    17
 Stab: Sleeping          |     1 |     3 |    21 |     8 |       |       |       ||    33
       Distracted        |       |     1 |     2 |     1 |     1 |       |       ||     5
  Eat: Chunk             |     1 |     6 |    17 |    25 |    36 |     3 |     9 ||    97
       Royal jelly       |       |     1 |       |       |       |       |     1 ||     2
       Fruit             |       |       |     4 |     2 |    12 |     9 |       ||    27
       Pizza             |       |       |       |     1 |     1 |     1 |       ||     3
       Meat ration       |       |       |       |       |       |     7 |     3 ||    10
       Beef jerky        |       |       |       |       |       |       |     1 ||     1
Armor: Robe              |    16 |    40 |       |       |       |       |       ||    56
       Skin              |       |     3 |       |       |       |       |       ||     3
       Ring mail         |       |    15 |   224 |   132 |       |       |       ||   371
       Plate armour      |       |       |       |   291 |   858 |   319 |       ||  1468
       Gold dragon scale |       |       |       |       |       |   678 |   674 ||  1352
Dodge: Dodged            |    45 |   102 |   336 |   376 |   634 |   810 |   485 ||  2788
Block: Other             |    14 |    32 |   108 |   165 |   365 |   456 |   274 ||  1414
       Buckler           |       |       |       |   109 |     5 |       |       ||   114
